 Dungeon Crawl Stone Soup version 0.31.0-11-ge490571c62 (webtiles) character file.

Game seed: 8782357128044747503

2052 Arcadio the Trooper (level 9, 0/67 HPs)
             Began as a Djinni Fire Elementalist on Jan 27, 2024.
             Was a Follower of Makhleb.
             Slain by a gnoll sergeant
             ... wielding a +0 spear
              (8 damage)
             ... on level 8 of the Dungeon.
             The game lasted 00:08:40 (5913 turns).

Arcadio the Trooper (Djinni Fire Elementalist)      Turns: 5913, Time: 00:08:40

Health: 0/67       AC:  4    Str:  7    XL:     9   Next: 49%
Gold:   380        EV:  7    Int: 24    God:    Makhleb [*.....] SH:  0 Dex: 14

rFire   + + .        D - +0 short sword (venom)
rCold   + . .        (no shield)
rNeg    . . .        t - +1 leather armour "Seevazim" {rC++ Regen+ Int+3 Slay-6}
rPois   ∞            (no helmet)
rElec   .            (no cloak)
rCorr   +            (no gloves)
SInv    .            (boots unavailable)
Will    .....        x - amulet of reflection
Stlth   ++           f - ring of resist corrosion
HPRegen 1.11/turn    (no ring)
MPRegen 0.00/turn

%: reflection, infuse magic (-1 HP)
@: flying, held
A: sickness immunity, fire resistance 2, cold vulnerability 1, float, innate
caster, HP casting, extra vitality 1
a: Renounce Religion


You were on level 8 of the Dungeon.
You worshipped Makhleb.
Makhleb was aware of your devotion.
You visited 2 branches of the dungeon, and saw 10 of its levels.

You collected 531 gold pieces.
You spent 151 gold pieces at shops.

Inventory:

Hand Weapons
 d - a +0 dagger
 s - a +0 morningstar
 D - a +0 short sword of venom (weapon)
Armour
 a - a +0 robe
 p - a +0 buckler
 t - the +1 leather armour "Seevazim" (worn) {rC++ Regen+ Int+3 Slay-6}
   (You bought it in a shop on level 2 of the Dungeon)

   Int+3:     It affects your intelligence (+3).
   Slay-6:    It affects your accuracy & damage with ranged weapons and melee
   (-6).
   rC++:      It greatly protects you from cold.
   Regen+:    It increases your rate of health regeneration.
 C - a +0 buckler
Jewellery
 f - a ring of resist corrosion (left hand)
 x - an amulet of reflection (around neck)
Wands
 q - a wand of quicksilver (7)
 w - a wand of polymorph (3)
Scrolls
 b - 7 scrolls of identify {unknown}
 e - 3 scrolls of enchant armour {unknown}
 g - 4 scrolls of teleportation {unknown}
 h - a scroll of silence {unknown}
 i - a scroll of poison {unknown}
 l - 3 scrolls of vulnerability {unknown}
 m - 3 scrolls of blinking {unknown}
 r - 3 scrolls of amnesia {unknown}
 u - a scroll of fear {unknown}
 v - a scroll of revelation {unknown}
 y - a scroll of immolation {unknown}
 A - a scroll of enchant weapon {unknown}
 B - a scroll of fog {unknown}
Potions
 c - a potion of brilliance {unknown}
 j - a potion of degeneration {unknown}
 k - 10 potions of curing {unknown}
 n - 4 potions of heal wounds {unknown}
 o - a potion of resistance {unknown}
 z - 2 potions of berserk rage {unknown}
 E - a potion of attraction {unknown}
 F - a potion of lignification {unknown}
 G - 2 potions of mutation {unknown}


   Skills:
 + Level 6.7 Fighting
 - Level 4.7 Armour
 + Level 5.5 Dodging
 - Level 1.5 Stealth
 + Level 6.2 Spellcasting
 + Level 6.2 Conjurations
 + Level 6.2 Hexes
 + Level 6.2 Summonings
 + Level 6.2 Necromancy
 + Level 6.2 Translocations
 + Level 6.2 Fire Magic
 + Level 6.2 Ice Magic
 + Level 6.2 Air Magic
 + Level 6.2 Earth Magic
 + Level 6.2 Alchemy


You knew the following spells:

 Your Spells              Type           Power      Damage    Failure   Level
a - Foxfire               Conj/Fire      100%       2x1d9     1%          1
b - Scorch                Fire           74%        2d8       1%          2
c - Volatile Blastmotes   Fire/Tloc      74%        2d16      2%          3
d - Inner Flame           Hex/Fire       37%        N/A       2%          3
e - Flame Wave            Conj/Fire      37%        2d10      9%          4
f - Magic Dart            Conj           100%       1d8       1%          1
g - Searing Ray           Conj           74%        2d7       1%          2
h - Static Discharge      Conj/Air       74%        3-7/arc   1%          2
i - Fugue of the Fallen   Necr           37%        N/A       2%          3
Your spell library was empty.

Dungeon Overview and Level Annotations

Branches:
Dungeon (9/15)             Temple (1/1) D:5
   Lair: D:8-11         Orc: D:9-12

Altars:
Ashenzari
Cheibriados
Dithmenos
Elyvilon
Fedhas
Gozag
Hepliaklqana
Makhleb
Nemelex Xobeh
Okawaru
Qazlal
Trog
Uskayaw
Wu Jian
Xom
Yredelemnul
Zin
The Shining One

Shops:
D:2 *

Annotations:
D:7 2 transporters, dakkaduck's ghost, novice MiBe
D:8 Amaemon
D:9 Pikel


Innate Abilities, Weirdness & Mutations

You are immune to sickness and miasma.
You are immune to poison.
Your flesh is very heat resistant. (rF++)
You are vulnerable to cold. (rC-)
You float through the air rather than walking.
You learn spells naturally, not from books.
Your magical power is your life essence.
You have superior vitality. (+4 MHP)


Message History

Level annotation: 1 transporter, dakkaduck's ghost, novice MiBe
There is a stone staircase leading up here.
Partly explored, unvisited transporter.
There is an open door here.
The ogre shouts!
You hear a shout!
There is a stone staircase leading down here.
You fly downwards.
Level annotation: Amaemon The shadow imp shouts, "Out, out, thou frothy nose-picking guttersnipe!"
The gnoll shouts!
There is a stone staircase leading up here.
There are monsters nearby!
The gnoll sergeant closely misses you.
The gnoll throws a throwing net.
The throwing net hits you.
You become entangled in the net!
There is a stone staircase leading up here.
You see here a throwing net.
The gnoll sergeant hits you from afar with a +0 spear!
The gnoll barely misses you.
The gnoll hits you from afar with a +0 spear.
You struggle against the net.
The gnoll sergeant hits you from afar with a +0 spear.
The gnoll barely misses you. The gnoll hits you with a +0 flail.
The gnoll hits you from afar with a +0 spear.
You struggle against the net.
The gnoll sergeant hits you from afar with a +0 spear!
The gnoll barely misses you. The gnoll hits you but does no damage.
The gnoll closely misses you.
You struggle against the net.
The gnoll sergeant hits you from afar with a +0 spear!
The shadow imp laughs crazily.
The shadow imp closely misses you.
The gnoll hits you from afar with a +0 halberd!
* * * LOW HITPOINT WARNING * * *
The gnoll hits you with a +0 flail.
* * * LOW HITPOINT WARNING * * *
The gnoll hits you from afar with a +0 spear.
* * * LOW HITPOINT WARNING * * *
You struggle against the net.
The gnoll sergeant hits you from afar with a +0 spear!
You die...

#########
#.......#
#.......#
#.......#
#.......####
#....gg....###
.#
#...g5........
..# #...g@..#
.. ....
.....g....#
.##...
.##########
.#..# ##g..
##†.# ##..#
##..## #..##
#.##


You could see a gnoll sergeant, 4 gnolls and a shadow imp.

Vanquished Creatures
  A wyvern (D:7)
  Edmund (D:6)
  A water moccasin (D:7)
  2 sky beasts (D:7)
  A black bear (D:5)
  3 ogres
  2 lemures (D:8)
  2 bullfrogs
  4 scorpions
  2 bombardier beetles (D:5)
  An orc priest (D:8)
  4 hounds
  A jelly (D:7)
  7 iguanas
  6 orc wizards
  10 adders
  2 white imps (D:7)
  A ribbon worm (D:2)
  3 dart slugs
  19 orcs
  11 endoplasms
  6 giant cockroaches
  2 goblins (D:2)
  6 hobgoblins
  13 jackals
  4 quokkas
  5 ball pythons
  2 bats (D:1)
  4 frilled lizards
  9 kobolds
  4 rats (D:1)
139 creatures vanquished.

Vanquished Creatures (others)
  19 foxfires (D:1)
19 creatures vanquished.

Grand Total: 158 creatures vanquished

Notes
Turn   | Place    | Note
-------+----------+-------------------------------------------
     0 | D:1      | Arcadio the Djinni Fire Elementalist began the quest for
                  | the Orb.
     0 | D:1      | Arcadio set off with the following spells memorised:
                  | Foxfire, Scorch, Volatile Blastmotes, Inner Flame, Flame
                  | Wave.
     0 | D:1      | Reached XP level 1. HP: 15/15 MP: 0/0
   150 | D:1      | Reached XP level 2. HP: 19/22 MP: 0/0
   373 | D:1      | Reached skill level 1 in Fighting
   489 | D:1      | Reached XP level 3. HP: 20/27 MP: 0/0
   489 | D:1      | Learned a level 1 spell: Magic Dart
   939 | D:2      | Reached XP level 4. HP: 27/33 MP: 0/0
  1064 | D:2      | Found Kuinasa's General Store.
  1518 | D:3      | Found a faded altar of an unknown god.
  1736 | D:2      | Bought the +1 leather armour "Seevazim" {rC++ Regen+ Int+3
                  | Slay-6} for 151 gold pieces
  1877 | D:3      | Reached XP level 5. HP: 31/38 MP: 0/0
  1877 | D:3      | Learned a level 2 spell: Searing Ray
  2273 | D:4      | Found a shimmering altar of Xom.
  2316 | D:4      | Reached skill level 1 in Armour
  2319 | D:4      | Reached XP level 6. HP: 32/45 MP: 0/0
  2465 | D:4      | Found a snail-covered altar of Cheibriados.
  2553 | D:4      | Found a basalt altar of Yredelemnul.
  2554 | D:4      | Found a burning altar of Makhleb.
  2558 | D:4      | Became a worshipper of Makhleb the Destroyer
  2626 | D:4      | Noticed an ogre
  2634 | D:4      | Killed an ogre
  2635 | D:4      | Reached XP level 7. HP: 12/50 MP: 0/0
  2635 | D:4      | Learned a level 2 spell: Static Discharge
  2841 | D:5      | Entered Level 5 of the Dungeon
  3224 | D:5      | Reached XP level 8. HP: 35/58 MP: 0/0
  3251 | D:5      | Found a staircase to the Ecumenical Temple.
  3257 | Temple   | Entered the Ecumenical Temple
  3304 | D:5      | Reached skill level 5 in Spellcasting
  3304 | D:5      | Reached skill level 5 in Conjurations
  3304 | D:5      | Reached skill level 5 in Hexes
  3304 | D:5      | Reached skill level 5 in Summonings
  3304 | D:5      | Reached skill level 5 in Necromancy
  3304 | D:5      | Reached skill level 5 in Translocations
  3304 | D:5      | Reached skill level 5 in Fire Magic
  3304 | D:5      | Reached skill level 5 in Ice Magic
  3304 | D:5      | Reached skill level 5 in Air Magic
  3304 | D:5      | Reached skill level 5 in Earth Magic
  3304 | D:5      | Reached skill level 5 in Alchemy
  3455 | D:5      | Reached skill level 5 in Fighting
  4210 | D:6      | Noticed Edmund
  4220 | D:6      | Killed Edmund
  4424 | D:6      | You are sucked into a shaft and drop 3 floors!
  4432 | D:9      | Noticed Pikel
  4572 | D:8      | Noticed Amaemon
  4579 | D:8      | Noticed an orange demon
  4587 | D:9      | Reached * piety under Makhleb
  4587 | D:9      | Noticed a vampire
  4808 | D:8      | Reached XP level 9. HP: 63/66 MP: 0/0
  4808 | D:8      | Learned a level 3 spell: Fugue of the Fallen
  4870 | D:7      | Found a sparkling altar of Nemelex Xobeh.
  5188 | D:7      | Reached skill level 5 in Dodging
  5322 | D:7      | Found a transporter.
  5322 | D:7      | Noticed dakkaduck's ghost (novice MiBe)
  5323 | D:7      | Identified the +9 dire flail of Scorn {flame, rN+ Will+}
  5323 | D:7      | Identified the +1 giant club "Orb Guardian's Doom" {flame,
                  | rF+}
  5323 | D:7      | Noticed a two-headed ogre
  5898 | D:7      | Found a transporter.
  5913 | D:8      | Slain by a gnoll sergeant

Illustrated notes

Levels and vault maps discovered:
D:1:      evilmike_arrival_crescent, layout_basic
D:2:      layout_rooms, serial_shops, shop
D:3:      minmay_general_purpose_star, layout_loops_ring,
          ebering_ecumenical_altar_hall
D:4:      layout_cave_pools, gammafunk_temple_overflow_statue,
          regret_index_xom_buried_treasure, nicolae_overflow_squiral
D:5:      layout_loops_corners, minmay_temple_entry_mini_moons
D:6:      layout_gridville, uniq_edmund
D:7:      layout_gridville, mainiacjoe_overflow_catwalk, gammafunk_ghost_smash,
          hangedman_abyss_or_decor_lesser_grid
D:8:      layout_rooms, kiku_gazebo_garden_becter, uniq_amaemon, uniq_maurice
D:9:      layout_irregular_city, general_overflow_altar, uniq_pikel, uniq_joseph
Temple:   nicolae_temple_ecumenical_triangle

Skill      XL: |  1  2  3  4  5  6  7  8  9 |
---------------+----------------------------+-----
Fighting       | 1 2 3 4 5 6 |  6.7
Dodging        | 3 4 5 |  5.5
Armour         | 1 2 3 4 |  4.7
Spellcasting   | 4 5 6 |  6.2
Conjurations   | 4 5 6 |  6.2
Hexes          | 4 5 6 |  6.2
Summonings     | 4 5 6 |  6.2
Necromancy     | 4 5 6 |  6.2
Translocations | 4 5 6 |  6.2
Fire Magic     | 4 5 6 |  6.2
Ice Magic      | 4 5 6 |  6.2
Air Magic      | 4 5 6 |  6.2
Earth Magic    | 4 5 6 |  6.2
Alchemy        | 4 5 6 |  6.2
Stealth        | |  1.5

Action                     |  1- 3 |  4- 6 |  7- 9 || total
---------------------------+-------+-------+-------++-------
  Melee: Dagger            |     1 |       |     3 ||     4
   Cast: Foxfire           |    12 |       |       ||    12
         Scorch            |    33 |    81 |   121 ||   235
         Volatile Blastmot |       |     1 |       ||     1
         Flame Wave        |       |       |     1 ||     1
 Armour: Robe              |     4 |     5 |       ||     9
         Leather armour    |       |    11 |    60 ||    71
  Dodge: Dodged            |     3 |    23 |    40 ||    66
  Block: Other             |       |       |    13 ||    13
         Reflection        |       |       |     1 ||     1
